Match 41873109
Unlisted

Match 41873109
End
Kradschützen Motorcycle Team
Panzergrenadier Squad
Selects Battlefield Espionage Battlegroup
Panzergrenadier Squad
250 Light Carrier
Construct Light Support Kompanie
Panzergrenadier Squad
Construct Light Support Kompanie
Selects 250/3 Funkpanzerwagen
Selects Intel Disruption Beacon
Assault Mechanized Group
Fire Support Elements
250/3 Funkpanzerwagen
Panzerjäger Squad
Vehicle Survival Package
[PD]Folscher
Apache
STALKER4732
Devochkin
0
0

Comments sign in to comment!

No comments posted yet!